Map: Efflorescence LE

Players

Awesomest - Winner!

  • Race: Zerg Zerg
  • Spawn Location: 9:00

Bugsy - Winner!

  • Race: Zerg Zerg
  • Spawn Location: 6:00

qqq

  • Race: Zerg Zerg
  • Spawn Location: 12:00

Massa

  • Race: Terran Terran
  • League: Platinum
  • Spawn Location: 3:00

VOD

Have the link to the VOD?

Description

Time

  • Played on: Jan. 30, 2021, 11:09 a.m.
  • Length: 11:46
Show
View Real Time Build Order
Export as new Build Order

Awesomest Zerg - Winner!

Build Orders: Pool First, Roach Hydra 

Get SALT Encoding   

  12  0:01  Drone  
  13  0:13  Overlord  
  13  0:18  Drone  
  14  0:31  Drone x2  
  16  0:39  Drone  
  17  0:53  Drone  
  17  0:54  Spawning Pool  
  17  1:15  Hatchery  
  16  1:40  Queen  
  16  1:41  Zergling x2  
  16  1:42  Zergling x4  
  21  1:53  Overlord  
  21  2:09  Drone, Extractor  
  21  2:14  Drone  
  22  2:25  Queen  
  22  2:26  Drone  
  22  2:27  Queen  
  22  2:28  Drone  
  28  2:38  Drone x2  
  30  2:49  Drone x2  
  31  3:01  Drone x4  
  33  3:15  Queen  
  33  3:18  Roach Warren  
  33  3:19  Drone x2  
  36  3:20  Overlord  
  36  3:26  Extractor  
  35  3:33  Overlord  
  35  3:34  Overlord  
  35  3:44  Zergling x6  
  38  4:05  Roach  
  38  4:06  Roach x6  
  51  4:22  Overlord x2  
  51  4:25  Lair  
  51  4:29  Drone  
  54  4:45  Roach  
  54  4:46  Roach x5  
  64  4:54  Drone x3  
  64  4:58  Drone  
  68  5:15  Overlord  
  68  5:16  Overlord  
  54  5:29  Roach x6  
  64  5:41  Roach  
  64  5:42  Roach x3  
  62  5:53  Glial Reconstitution  
  62  5:54  Hydralisk Den  
  62  5:55  Drone x2  
  63  6:00  Drone  
  56  6:23  Roach x6  
  66  6:31  Drone x4  
  70  6:41  Drone  
  70  6:42  Drone x4  
  75  6:53  Overlord x2  
  75  6:54  Ravager  
  75  6:55  Ravager  
  77  7:02  Hatchery  
  77  7:05  Spore Crawler  
  75  7:09  Extractor  
  75  7:13  Extractor  
  73  7:17  Ravager  
  73  7:18  Ravager  
  75  7:34  Drone x2  
  75  7:35  Drone  
  78  7:39  Grooved Spines  
  78  7:40  Overlord x2  
  78  7:41  Drone  
  78  7:42  Drone x7  
  86  8:02  Hydralisk x5  
  86  8:03  Hydralisk  
  98  8:07  Extractor  
  97  8:14  Drone x3  
  97  8:16  Drone, Queen  
  103  8:24  Spore Crawler  
  103  8:25  Spore Crawler  
  101  8:27  Spore Crawler  
  101  8:29  Spore Crawler  
  101  8:34  Drone x3, Evolution Chamber, Infestation Pit  
  97  8:39  Hydralisk x2, Evolution Chamber  
  103  8:42  Overlord  
  103  8:47  Drone x3  
  106  8:50  Drone  
  106  8:51  Drone  
  108  8:55  Hydralisk  
  110  9:09  Hydralisk  
  110  9:10  Hydralisk x4  
  110  9:16  Zerg Missile Weapons Level 1  
  120  9:19  Muscular Augments  
  120  9:21  Drone x3  
  120  9:22  Drone  
  100  9:35  Hydralisk  
  100  9:36  Hydralisk x4  
  83  9:56  Hydralisk x5  
  83  9:57  Hydralisk x3  
  86  10:08  Queen  
  86  10:11  Drone x3  
  91  10:14  Extractor  
  91  10:15  Drone x3  
  91  10:16  Drone  
  91  10:18  Spine Crawler  
  91  10:20  Spine Crawler  
  92  10:35  Hydralisk x3  
  92  10:36  Hydralisk x4  
  106  10:53  Drone x3  
  107  11:03  Spore Crawler  
  102  11:04  Spine Crawler  
  102  11:05  Hatchery  
Show
View Real Time Build Order
Export as new Build Order

Bugsy Zerg - Winner!

Build Orders: Pool First, Zergling Baneling 

Get SALT Encoding   

  12  0:01  Drone  
  13  0:13  Drone  
  14  0:17  Overlord  
  14  0:26  Extractor x2, Drone  
  13  0:30  Drone  
  16  0:44  Spawning Pool  
  16  0:48  Drone  
  16  0:51  Drone  
  17  1:19  Hatchery  
  17  1:20  Extractor  
  17  1:24  Drone  
  16  1:31  Zergling x4  
  18  1:35  Drone  
  19  1:46  Queen  
  21  1:56  Overlord  
  21  2:01  Drone  
  22  2:14  Drone  
  23  2:24  Queen  
  23  2:26  Metabolic Boost  
  23  2:29  Drone x2  
  26  2:43  Drone x2  
  27  2:45  Baneling Nest  
  27  2:46  Zergling x2  
  27  2:58  Zergling x2  
  27  2:59  Zergling x2  
  27  3:00  Zergling x4  
  27  3:01  Zergling x2  
  32  3:11  Overlord  
  32  3:12  Overlord  
  32  3:18  Drone  
  33  3:26  Spine Crawler  
  32  3:28  Overlord  
  32  3:36  Zergling x2  
  32  3:37  Zergling x6  
  32  3:39  Baneling  
  32  3:40  Baneling  
  35  3:42  Baneling  
  35  3:45  Baneling x2  
  35  4:03  Zergling x2  
  35  4:04  Zergling x8  
  38  4:12  Drone  
  36  4:20  Drone x5  
  40  4:24  Baneling x3  
  40  4:30  Drone x2  
  41  4:41  Extractor x2, Lair  
  41  4:43  Drone  
  41  4:44  Drone  
  41  4:50  Drone x3  
  41  4:52  Drone  
  45  5:00  Drone x3  
  45  5:01  Drone  
  49  5:09  Overlord  
  49  5:10  Overlord  
  47  5:26  Zergling x2  
  47  5:27  Zergling x14  
  51  5:39  Zergling x4  
  51  5:40  Spine Crawler  
  51  5:41  Spine Crawler  
  52  5:42  Zergling x2  
  52  5:43  Zergling x2  
  52  5:46  Baneling x2  
  52  5:47  Baneling x3  
  52  5:48  Baneling  
  52  5:52  Baneling x2  
  52  6:01  Spire  
  52  6:05  Drone x5  
  57  6:15  Drone x5  
  57  6:27  Zergling x6  
  57  6:29  Extractor  
  57  6:32  Drone x3  
  58  6:33  Drone  
  56  6:41  Overlord x2  
  56  6:48  Baneling x3  
  56  6:59  Zergling x2  
  57  7:15  Mutalisk  
  57  7:16  Mutalisk x6  
  57  7:20  Hatchery  
  69  7:29  Drone, Evolution Chamber  
  69  7:31  Evolution Chamber  
  69  7:32  Drone  
  69  7:33  Roach Warren  
  69  7:34  Zergling x6  
  71  7:40  Extractor  
  69  7:44  Extractor  
  69  7:49  Mutalisk x2  
  72  7:51  Mutalisk  
  74  8:01  Drone  
  74  8:02  Drone x5  
  74  8:05  Overlord  
  80  8:11  Drone  
  80  8:12  Drone x3  
  84  8:16  Drone  
  84  8:17  Zerg Melee Weapons Level 1  
  83  8:31  Zerg Flyer Armor Level 1  
  83  8:32  Drone x3  
  83  8:33  Drone x3  
  90  8:34  Drone  
  90  8:36  Spore Crawler  
  90  8:40  Drone x2  
  90  8:41  Drone x2, Queen  
  89  8:50  Spore Crawler  
  89  8:52  Drone x3  
  89  8:53  Spore Crawler  
  89  8:59  Spore Crawler  
  89  9:01  Mutalisk  
  89  9:02  Mutalisk x2  
  92  9:07  Mutalisk x2  
  96  9:11  Zerg Ground Armor Level 1  
  95  9:17  Overlord x2  
  91  9:27  Zergling x12  
  97  9:33  Overlord x2  
  97  9:34  Overlord  
  97  9:36  Zergling x2  
  99  9:38  Zergling x2  
  99  9:43  Zergling x4  
  99  9:44  Zergling x2  
  100  9:45  Baneling  
  100  9:46  Baneling x4  
  100  9:47  Zergling x4  
  100  9:53  Mutalisk x4  
  105  10:05  Mutalisk x2  
  107  10:09  Extractor  
  107  10:12  Hatchery  
  105  10:14  Extractor  
  105  10:17  Mutalisk x3  
  110  10:23  Mutalisk  
  110  10:25  Mutalisk  
  113  10:34  Drone  
  113  10:35  Drone x5  
  114  10:36  Drone x3  
  114  10:45  Zergling x4  
  114  10:46  Zergling x6  
  119  10:51  Mutalisk  
  119  10:52  Mutalisk  
  119  10:53  Mutalisk  
  125  10:59  Zergling x6  
  128  11:07  Zergling x2  
  128  11:08  Zergling x8  
  131  11:16  Drone x2  
  131  11:17  Drone x3  
  134  11:19  Mutalisk  
  134  11:21  Mutalisk  
  137  11:29  Overseer x2  
Show
View Real Time Build Order
Export as new Build Order

qqq Zerg 

Build Orders: Pool First 

Get SALT Encoding   

  12  0:01  Drone  
  13  0:15  Drone  
  14  0:22  Overlord  
  14  0:38  Spawning Pool  
  14  0:52  Drone  
  14  0:53  Hatchery  
  14  0:57  Drone  
  15  1:15  Spawning Pool  
  14  1:19  Drone  
  14  1:21  Extractor  
  14  1:27  Drone  
  14  1:30  Drone  
  16  1:35  Drone  
  17  1:55  Drone  
  17  1:57  Overlord  
  18  2:04  Zergling x2  
  18  2:05  Queen  
  20  2:10  Zergling x2  
  20  2:14  Zergling x2  
  22  2:17  Drone  
  23  2:24  Metabolic Boost  
  23  2:28  Zergling x2  
  25  2:37  Zergling x2  
  25  2:38  Zergling x4  
  27  2:46  Evolution Chamber  
  27  2:48  Drone  
  27  2:55  Drone  
  28  3:02  Queen  
  30  3:10  Drone x2  
  32  3:17  Zerg Melee Weapons Level 1  
  32  3:23  Drone  
  32  3:25  Zergling x2  
  34  3:31  Overlord  
  34  3:34  Drone  
  34  3:36  Zergling x2  
  36  3:43  Overlord  
  36  3:48  Overlord  
  36  3:54  Zergling x4  
  34  4:12  Zergling x6  
  34  4:13  Drone x4  
  37  4:24  Lair  
  37  4:25  Drone  
  37  4:29  Drone x2  
  37  4:31  Zergling x2  
  41  4:36  Zergling x2  
  41  4:37  Drone  
  43  4:39  Zergling x2  
  44  4:49  Zergling x2  
  44  4:50  Zergling x2  
  44  4:51  Zergling x2  
  47  5:06  Zergling x2  
  48  5:08  Zergling x2  
  48  5:27  Zergling x10  
  48  5:28  Drone  
  51  5:33  Overlord x2  
  51  5:36  Spire  
  49  5:43  Drone, Zergling x2  
  49  5:45  Overlord x3  
  51  5:56  Zergling x2, Overlord  
  53  5:57  Zergling x2  
  53  5:58  Drone  
  53  6:01  Extractor x2  
  36  6:27  Zergling x12  
  36  6:28  Drone x3, Hatchery  
  36  6:29  Drone  
  45  6:37  Extractor  
  45  6:38  Drone  
  45  6:39  Hatchery  
  44  6:47  Mutalisk  
  44  6:48  Mutalisk  
  44  6:50  Drone  
  44  6:51  Zerg Flyer Weapons Level 1  
  49  6:56  Mutalisk  
  51  7:03  Drone  
  51  7:04  Drone  
  53  7:13  Mutalisk  
  55  7:22  Drone  
  56  7:23  Drone, Mutalisk  
  56  7:24  Overlord  
  56  7:25  Overlord  
  59  7:31  Drone  
  59  7:35  Mutalisk  
  62  7:43  Drone x4, Infestation Pit  
  65  7:52  Mutalisk  
  65  7:54  Mutalisk  
  65  7:55  Drone  
  65  7:56  Drone  
  71  8:17  Mutalisk x2  
  71  8:19  Overlord x2  
  69  8:38  Mutalisk x2  
  73  8:43  Drone x6  
  73  8:47  Drone x2  
  81  8:53  Queen  
  81  8:55  Queen  
  81  9:02  Spine Crawler  
  82  9:03  Drone  
  82  9:04  Drone  
  82  9:05  Spine Crawler  
  83  9:12  Hive  
  83  9:13  Zerg Flyer Armor Level 1  
  83  9:16  Drone  
  76  9:32  Mutalisk x3  
  76  9:34  Zergling x8  
  76  9:35  Drone  
  83  9:59  Mutalisk x3  
  89  10:00  Drone x3  
  92  10:10  Drone x3  
  95  10:14  Hatchery  
  94  10:25  Spire  
  94  10:27  Drone x4  
  91  10:49  Mutalisk x2  
  85  10:50  Corruptor x2  
  85  10:52  Drone x2  
  85  10:53  Drone x2  
  68  11:07  Viper  
  63  11:29  Drone  
Show
View Real Time Build Order
Export as new Build Order

Massa Terran 

Build Orders:  

Get SALT Encoding   

  12  0:00  SCV  
  13  0:12  SCV  
  14  0:18  Supply Depot  
  14  0:24  SCV  
  15  0:39  SCV  
  15  0:41  Barracks  
  16  0:48  Refinery  
  16  0:52  SCV  
  17  0:59  Supply Depot  
  17  1:04  SCV  
  18  1:16  Barracks  
  18  1:17  SCV  
  19  1:29  SCV  
  20  1:34  Barracks  
  20  1:38  Reaper  
  21  1:50  Orbital Command  
  21  2:03  Barracks Tech Lab  
  21  2:10  Marine  
  22  2:28  Marine  
  23  2:36  Marine x2  
  25  2:43  Stimpack  
  25  2:46  Marine, Supply Depot  
  25  2:47  Supply Depot  
  25  2:54  Marine  
  26  2:59  Marauder  
  26  3:04  Marine  
  29  3:11  Marine  
  30  3:21  Marauder, Marine  
  30  3:24  Supply Depot  
  33  3:29  Marine  
  34  3:39  Marine  
  35  3:42  Marauder  
  35  3:47  Marine  
  38  3:58  Marine  
  39  4:03  Marauder  
  39  4:05  Marine  
  42  4:16  Marine  
  38  4:23  Marine  
  35  4:24  Marine  
  36  4:33  Marine  
  36  4:35  Factory  
  37  4:40  Marine, Command Center  
  37  4:43  Marauder  
  40  4:51  Marine  
  41  4:58  Marine  
  42  5:01  Barracks  
  42  5:02  Supply Depot  
  42  5:04  Marauder  
  42  5:06  Engineering Bay  
  44  5:18  Bunker  
  43  5:41  Marauder, Marine x2  
  47  5:51  Combat Shield  
  47  5:52  Factory Tech Lab  
  47  5:57  Missile Turret  
  47  5:59  Marine x2  
  47  6:02  Marauder  
  33  6:37  Marauder, Marine x3  
  31  6:46  Orbital Command  
  31  6:47  SCV  
  31  6:50  Terran Infantry Weapons Level 1  
  31  6:51  Siege Tank  
  35  6:55  Marine x3  
  35  6:59  SCV, Marauder  
  35  7:00  Refinery  
  41  7:09  Concussive Shells  
  41  7:11  SCV  
  41  7:13  Marine  
  43  7:22  Marauder, Marine  
  45  7:23  SCV, Marine  
  45  7:29  Widow Mine  
  50  7:30  Marine  
  50  7:31  SCV  
  50  7:36  Missile Turret  
  52  7:40  Marine  
  52  7:43  Marine  
  55  7:45  Barracks Tech Lab  
  55  7:48  Marine  
  55  7:56  SCV x2  
  57  8:08  SCV x2  
  59  8:20  SCV x2  
  61  8:31  Missile Turret  
  61  8:32  SCV x2  
  63  8:44  SCV x2, Marauder  
  63  8:45  Marauder, Marine x2  
  71  8:53  Siege Tank  
  74  8:56  SCV  
  74  9:02  Starport  
  75  9:03  Marine x2  
  75  9:05  Marauder  
  77  9:20  Marine  
  77  9:26  Marauder  
  52  10:03  Marauder x2, Marine  
  52  10:06  Barracks Reactor  
  51  10:11  Refinery  
  49  10:20  Widow Mine  
  51  10:21  Marine  
  51  10:22  Medivac  
  51  10:24  Marine  
  51  10:25  Marauder  
  51  10:26  Command Center  
  55  10:33  SCV x2  
  57  10:39  Marine  
  57  10:42  Widow Mine, Marine  
  61  10:45  SCV x2  
  61  10:46  Marine  
  64  10:52  Medivac  
  62  10:57  SCV x2, Marine  
  59  11:09  Marauder, Marine  
  59  11:10  Marauder, Marine  
  63  11:15  Marine  
  57  11:27  Marine x2  
  57  11:32  Barracks  
  58  11:34  Barracks x2  
  58  11:36  Barracks  
Tags
 
Add a new tag
Caveats
  • Supply blocks, unpowered buildings, or Contaminate may cause inaccurate times.
  • Supply counts are checked every 10 seconds.